 Dungeon Crawl Stone Soup version 0.22.0 (webtiles) character file.

28 CLTJ the Digger (level 2, 0/24 HPs)
             Began as a Troll Earth Elementalist on Sept 27, 2018.
             Slain by a worm (2 damage)
             ... on level 2 of the Dungeon on Oct 9, 2018.
             The game lasted 00:19:41 (992 turns).

CLTJ the Digger (Troll Earth Elementalist)           Turns: 992, Time: 00:19:41

Health: 0/24       AC:  5    Str: 15    XL:     2   Next: 96%
Magic:  3/3        EV: 10    Int: 11    God:
Gold:   22         SH:  0    Dex: 10    Spells: 2/3 levels left

rFire    . . .     SeeInvis .   a - +0 whip
rCold    . . .     Gourm    +   (no shield)
rNeg     . . .     Faith    .   c - +0 robe
rPois    .         Spirit   .   (helmet restricted)
rElec    .         Reflect  .   (no cloak)
rCorr    .         Harm     .   (gloves unavailable)
MR       .....                  (boots unavailable)
Stlth    +.........             (no amulet)
HPRegen  0.48/turn              (no ring)
MPRegen  0.08/turn              (no ring)

@: no status effects
A: large, unfitting armour, claws 3, fast metabolism 3, gourmand, regeneration
1, shaggy fur 1, tough skin 2
a: no special abilities


You were on level 2 of the Dungeon.
You were not hungry.

You visited 1 branch of the dungeon, and saw 2 of its levels.

You collected 22 gold pieces.

Inventory:

Hand Weapons
 a - a +0 whip (weapon)
 d - a +1 club
Missiles
 b - 30 stones (quivered)
Armour
 c - a +0 robe (worn)
 e - a +0 scale mail
Comestibles
 f - a ration


   Skills:
 + Level 2.0 Dodging
 + Level 1.0 Stealth
 + Level 0.3 Unarmed Combat
 + Level 1.3 Spellcasting
   Level 0.6 Transmutations
 + Level 3.2 Earth Magic


You had 2 spell levels left.
You knew the following spells:

 Your Spells              Type           Power        Failure   Level  Hunger
a - Sandblast             Erth           #.....       9%          1    ##.....

Your spell library contained the following spells:

 Spells                   Type           Power        Failure   Level  Hunger
 Stone Arrow              Conj/Erth      #.....       43%         3    ####...
 Passwall                 Tmut/Erth      #.......     22%         2    ###....
 Lee's Rapid Deconstruct  Erth           #.........   92%         5    ######.
 Petrify                  Tmut/Erth      #.......     80%         4    #####..


Dungeon Overview and Level Annotations

Branches:
Dungeon (2/15)

Altars:
The Shining One


Innate Abilities, Weirdness & Mutations

You are too large for most types of armour.
You have claws for hands.
Your metabolism is lightning-fast.
You like to eat raw meat.
Your natural rate of healing is unusually fast.
You are covered in fur. (AC +1)
You have very tough skin. (AC +2)


Message History

The worm is moderately wounded.
The worm bites you.
You hit the worm.
The worm is moderately wounded.
You hit the worm.
The worm is moderately wounded.
You hit the worm.
The worm is heavily wounded.
The worm bites you.
* * * LOW HITPOINT WARNING * * *
You hit the worm.
The worm is severely wounded.
You hit the worm.
The worm is severely wounded.
The worm bites you.
* * * LOW HITPOINT WARNING * * *
You hit the worm.
The worm is severely wounded.
The worm bites you.
You die...

##.........).........'
#.#.#######.#........
#.#.#######.#......#.
###.#.........#......#.
#...........###.....###
#...........+......##.#
#...?.......####..##...
#...........# ...##..8.
#.....@.....# ..##..8.8
#....w........ #..8._.
#...........#. ##..8.8
#...........# ##..8.
#...........# ....##...
#...........# .... ##.#
#...........##... ###
#...........##.. #..


You could see a worm.

Vanquished Creatures
  2 giant cockroaches (D:1)
  2 goblins
  3 hobgoblins (D:1)
  2 jackals (D:2)
  4 kobolds
  2 ball pythons (D:1)
  3 bats
  6 frilled lizards (D:1)
  2 rats (D:1)
26 creatures vanquished.

Notes
Turn   | Place    | Note
-------+----------+-------------------------------------------
     0 | D:1      | CLTJ the Troll Earth Elementalist began the quest for the Orb.
     0 | D:1      | Reached XP level 1. HP: 16/16 MP: 1/1
   148 | D:1      | Reached skill level 3 in Earth Magic
   190 | D:1      | Reached XP level 2. HP: 24/24 MP: 3/3
   856 | D:2      | Found a glowing golden altar of the Shining One.
   991 | D:2      | HP: 1/24 [worm (4)]
   992 | D:2      | Slain by a worm

Skill      XL: |  1  2 |
---------------+-------+-----
Earth Magic    | 3 |  3.2
Dodging        | 2 |  2.0
Stealth        | |  1.0
Unarmed Combat | |  0.3
Spellcasting   | |  1.3
Transmutations | |  0.6

Action                   || total
-------------------------++-------
Melee: Unarmed           ||    72
       Whip              ||    27
       Club              ||    10
       Punch             ||     1
  Use: Scroll            ||     8
  Eat: Ration            ||     2
       Chunk             ||     2
Armor: Robe              ||   267
Dodge: Dodged            ||   308
